 Dungeon Crawl Stone Soup version 0.26-a0-67-g850bfe61e3 (webtiles) character file.

Game seed: 4543975866399564296

21 bmfx the Slasher (level 2, -3/16 HPs)
             Began as a Vine Stalker Chaos Knight on June 12, 2020.
             Was a Plaything of Xom.
             Slain by a tarantella (shapeshifter) (5 damage)
             ... on level 1 of the Dungeon.
             The game lasted 00:01:28 (641 turns).

bmfx the Slasher (Vine Stalker Chaos Knight)         Turns: 641, Time: 00:01:29

Health: -3/16      AC:  5    Str: 14    XL:     2   Next: 83%
Magic:  0/3        EV: 11    Int: 12    God:    Xom [..*...]
Gold:   53         SH:  0    Dex: 13    Spells: 1/1 levels left

rFire    . . .     SeeInvis .   a - +0 falchion (chaos)
rCold    . . .     Gourm    .   (no shield)
rNeg     . . .     Faith    .   b - +2 leather armour
rPois    .         Spirit   +   (no helmet)
rElec    .         Reflect  .   (no cloak)
rCorr    .         Harm     .   (no gloves)
MR       .....                  (no boots)
Stlth    +.........             (no amulet)
HPRegen  0.05/turn              (no ring)
MPRegen  0.08/turn              (no ring)

@: no status effects
A: fangs 2, magic shield, antimagic bite, no potion heal 3, rot immunity
a: Renounce Religion


You were on level 1 of the Dungeon.
You worshipped Xom.
You were a toy of Xom.
You were not hungry.

You visited 1 branch of the dungeon, and saw 1 of its levels.

You collected 53 gold pieces.


Innate Abilities, Weirdness & Mutations

You have extremely sharp teeth.
When hurt, damage is shared between your health and your magic reserves.
Your bite disrupts and absorbs the magic of your enemies.
Potions cannot restore your health.
You are immune to rotting.

Dungeon Overview and Level Annotations

Branches:
Dungeon (1/15)

Altars:


   Skills:
 - Level 2.6 Fighting
 + Level 3.5 Long Blades
 + Level 0.5 Throwing
 - Level 1.5 Armour
 - Level 0.7 Dodging


You had one spell level left.
You didn't know any spells.
Your spell library was empty.

Action                   || total
-------------------------++-------
Melee: Falchion          ||    53
       Bite              ||     9
  Use: Scroll            ||     2
 Stab: Confused          ||     1
Armor: Leather armour    ||    22
Dodge: Dodged            ||    33
       Rpst.: Falchion   ||    16

Skill      XL: |  1 |
---------------+----+-----
Long Blades    | 3 |  3.5
Fighting       | |  2.6
Throwing       | |  0.5
Armour         | |  1.5
Dodging        | |  0.7

Inventory:

Hand Weapons
 a - a +0 falchion of chaos (weapon)
Missiles
 i - 5 boomerangs (quivered)
 m - 45 stones
 o - 16 poisoned darts
Armour
 b - a +2 leather armour (worn)
 e - a +0 pair of boots
 q - a cursed +0 ring mail
 t - a +0 plate armour
Scrolls
 f - a scroll of fog {unknown}
 g - a scroll of remove curse {@r4}
 k - a scroll of magic mapping {unknown}
 p - a scroll of enchant armour {unknown}
 r - a scroll of teleportation {unknown}
 s - a scroll of identify {unknown}
Potions
 h - 2 potions of stabbing {unknown}
 l - a potion of degeneration {unknown}
 n - 2 potions of haste {unknown}
Comestibles
 c - 3 rations
 d - 2 chunks of flesh {@w1}

## .. #. .######## .........
###........ #.s........ #.#
#@#........ ∆ #.#.#
#.#........ #### #.#..
#÷#......h. # ...# #.#.#
#.#........ # ...# #.#..
#.#........ # ...#
#.#.#######.#........ # )..#
#.#.....#...######### #
...###.#..##.#.######### #
....>...................#####
#


You could see a tarantella shaped shifter.

Vanquished Creatures
  2 leopard geckos (D:1)
  4 goblins (D:1)
  A hobgoblin (D:1)
  A jackal (D:1)
  4 bats (D:1)
  2 frilled lizards (D:1)
  3 kobolds (D:1)
  A rat (D:1)
18 creatures vanquished.

Levels and vault maps discovered:
D:1:      minmay_arrival_wavy_path, layout_basic


Message History

You miss something. You bite something.
Something bites you but does no damage. x2
You closely miss something. Your bite misses something.
Something bites you but does no damage. Something bites you.
You hit something but do no damage. Something bites you.
You closely miss something.
Something bites you but does no damage. x2
You hit something.
A shapeshifter appears out of thin air!
Reactivating autopickup.
Your bite misses the shapeshifter.
The shapeshifter is moderately wounded.
The shapeshifter changes into a tarantella!
As you read the scroll labeled HAEMUUPARIS, it crumbles to dust.
You feel blessed for a moment.
It was a scroll of remove curse.
The tarantella bites you.
As you read the scroll labeled VERA LOYSEL, it crumbles to dust.
It is a scroll of amnesia.
You feel forgetful for a moment. The tarantella bites you.
* * * LOW HITPOINT WARNING * * *
You closely miss the tarantella. The tarantella bites you.
You die...
Xom laughs nastily!

Notes
Turn   | Place    | Note
-------+----------+-------------------------------------------
     0 | D:1      | bmfx the Vine Stalker Chaos Knight began the quest for the
                  | Orb.
     0 | D:1      | Reached XP level 1. HP: 11/11 MP: 2/2
    70 | D:1      | XOM: divination: detect items
    86 | D:1      | Reached skill level 3 in Long Blades
   107 | D:1      | XOM: silly message
   117 | D:1      | Reached XP level 2. HP: 16/16 MP: 3/3
   124 | D:1      | XOM: silly message
   583 | D:1      | XOM: divination: detect items
   638 | D:1      | Noticed a shapeshifter
   638 | D:1      | Noticed a tarantella
   638 | D:1      | a shapeshifter changed into a tarantella
   641 | D:1      | Slain by a tarantella (shapeshifter)
